AoeStats
← Calaquende

Nomad

510292774Analyzed
2v2 RM · 14h ago on Sep 30, 2026· 18m 30s· 4 players
Game mode
Random Map
Map size
176×176
Population
200
Speed
Normal
Resources
Standard
Victory
Conquest
Starting age
Dark Age
Ending age
Imperial Age
RankedLock teamsTeams togetherTeam positionsShared explorationLock speedFull tech treeHidden civsTurbo modeCheats
Victory
Defeat
🇫🇷 Spanish · France
1511
+11
🇪🇸 Lithuanians · Spain
1428
+14
🇩🇪 Danes · Germany
1410
-13
🇩🇪 Burgundians · Germany
1386
-12
Calaquende
5:00 Loom
12:24 Feudal Age
13:07 Double-Bit Axe
17:49 Castle Age
16:10 Gold Mining
16:54 Town Watch
17:20 Fletching
Jordan Belfort
4:44 Loom
12:54 Feudal Age
12:00 Double-Bit Axe
12:04 Fishing Lines
13:50 Bow Saw
17:35 Wheelbarrow
Sunrise1988
5:04 Loom
12:03 Feudal Age
15:55 Castle Age
MISTER COLLEJAS
6:06 Loom
12:38 Feudal Age
13:09 Double-Bit Axe
Connection lost

Rejoining the realm…

Still unreachable

The connection could not be restored.

Session expired

The server has moved on; the page needs a fresh start.